 Dungeon Crawl Stone Soup version 0.20.2-3-g29329e0561 (webtiles) character file.

115 Alfie the Skirmisher (level 4, 0/41 HPs)
             Began as a Minotaur Fighter on Nov 2, 2020.
             Slain by an orc priest
             ... wielding a +0 club
              (2 damage)
             ... on level 3 of the Dungeon.
             The game lasted 00:04:37 (1835 turns).

Alfie the Skirmisher (Minotaur Fighter)             Turns: 1835, Time: 00:04:38

Health: 0/41       AC:  7    Str: 22    XL:     4   Next: 68%
Magic:  3/3        EV:  8    Int:  5    God:
Gold:   240        SH:  9    Dex:  9    Spells: 3/3 levels left

rFire    . . .     SeeInvis .   a - +0 long sword
rCold    . . .     Gourm    .   c - +0 shield
rNeg     . . .     Faith    .   b - +0 scale mail
rPois    .         Spirit   .   (helmet restricted)
rElec    .         Reflect  .   (no cloak)
rCorr    .         Harm     .   (no gloves)
MR       .....                  (no boots)
Stlth    ..........             (no amulet)
Regen    0.2/turn               (no ring)
MPRegen  0.1/turn               (no ring)

@: no status effects
A: retaliatory headbutt, horns 2
a: no special abilities


You were on level 3 of the Dungeon.
You were not hungry.

You visited 1 branch of the dungeon, and saw 3 of its levels.

You collected 240 gold pieces.

Inventory:

Hand Weapons
 a - a +0 long sword (weapon)
Armour
 b - a +0 scale mail (worn)
 c - a +0 shield (worn)
Jewellery
 g - an uncursed amulet of the gourmand
Scrolls
 e - a scroll of amnesia
 h - 2 scrolls of identify
 j - a scroll of enchant weapon {unknown}
 k - a scroll of magic mapping
Potions
 d - a potion of might
 i - a potion of lignification {unknown}
 l - 2 potions of haste {unknown}
 m - a potion of heal wounds {unknown}
Comestibles
 f - 2 fruits
 n - a royal jelly


   Skills:
 + Level 4.8 Fighting
 + Level 3.5 Long Blades
 + Level 4.1 Armour
 + Level 1.0 Dodging
 + Level 4.4 Shields


You had 3 spell levels left.
You didn't know any spells.

Dungeon Overview and Level Annotations

Branches:
Dungeon (3/15)

Altars:


Innate Abilities, Weirdness & Mutations

You reflexively headbutt those who attack you in melee.
You have a pair of horns on your head.


Message History

You block the bat's attack.
The orc priest looks satisfied for a moment.
The bat barely misses you. You furiously retaliate!
You headbutt the bat!
You kill the bat!
Things that are here:
a hand axe; an orc corpse The orc priest looks braver for a moment.
The orc priest calls down the wrath of Beogh upon you.
Pain shoots through your body! You block the orc priest's attack.
You closely miss the orc priest.
The orc priest calls down the wrath of Beogh upon you.
Beogh smites you!
The orc priest mumbles some strange prayers to Beogh against you.
Beogh smites you!
* * * LOW HITPOINT WARNING * * *
Your shield and scale mail prevent you from hitting the orc priest.
The orc priest looks braver for a moment.
The orc priest hits you with a club.
You die...

# # .#. #.# ##.#
..# #.# # #.# #
.##%# #@# .#
......##o##.##
#.....o....##..
.........<......#
########.###.##.#
...# # #####


You could see 2 orc priests.

Vanquished Creatures
  A hound (D:2)
  An adder (D:2)
  2 oozes (D:1)
  2 worms (D:2)
  3 dart slugs (D:1)
  3 leopard geckos
  An orc (D:3)
  5 giant cockroaches
  6 goblins
  2 hobgoblins (D:1)
  4 jackals (D:1)
  5 bats
  8 frilled lizards
  7 kobolds
  5 rats
  A fungus (D:1)
56 creatures vanquished.

Notes
Turn   | Place    | Note
-------+----------+-------------------------------------------
     0 | D:1      | Alfie the Minotaur Fighter began the quest for the Orb.
     0 | D:1      | Reached XP level 1. HP: 19/19 MP: 0/0
   107 | D:1      | Reached XP level 2. HP: 27/27 MP: 1/1
   521 | D:1      | Reached XP level 3. HP: 12/33 MP: 2/2
  1120 | D:2      | Reached XP level 4. HP: 35/41 MP: 3/3
  1764 | D:2      | Reached skill level 1 in Dodging
  1834 | D:3      | HP: 2/41 [orc priest/divine providence (12)]
  1835 | D:3      | Slain by an orc priest

Skill      XL: |  1  2  3  4 |
---------------+-------------+-----
Fighting       | 4 |  4.8
Shields        | 4 |  4.4
Long Blades    | 3 |  3.5
Armour         | 4 |  4.1
Dodging        | 1 |  1.0

Action                   |  1- 3 |  4- 6 || total
-------------------------+-------+-------++-------
Melee: Long sword        |   123 |    29 ||   152
       Headbutt          |    19 |     6 ||    25
  Use: Scroll            |     7 |       ||     7
  Eat: Bread ration      |     1 |       ||     1
Armor: Scale mail        |    62 |    12 ||    74
Dodge: Dodged            |    35 |     9 ||    44
Block: Shield            |    75 |    16 ||    91
       Rpst.: Long sword |     6 |     1 ||     7
